 Dungeon Crawl Stone Soup version 0.29.1-2-gbd0b4ee654 (webtiles) character file.

Game seed: 11543739964625617592

15 RascalDebosk the Magician (level 2, -1/23 HPs)
             Began as a Djinni Warper on Oct 28, 2022.
             Slain by a gnoll
             ... wielding a +0 club
              (6 damage)
             ... on level 1 of the Dungeon.
             The game lasted 00:04:24 (505 turns).

RascalDebosk the Magician (Djinni Warper)            Turns: 505, Time: 00:04:25

Health: -1/23      AC:  3    Str: 10    XL:     2   Next: 65%
Gold:   21         EV: 11    Int: 14    God:
                   SH:  0    Dex: 12

rFire   + + .      SeeInvis .   a - +0 falchion
rCold   x . .      Faith    .   (no shield)
rNeg    . . .      Spirit   .   b - +0 leather armour
rPois   ∞          Reflect  .   (no helmet)
rElec   .          Harm     .   (no cloak)
rCorr   .          Rampage  .   (no gloves)
Will    .....                   (boots unavailable)
Stlth   +.........              (no amulet)
HPRegen 0.07/turn               (no ring)
MPRegen 0.00/turn               (no ring)

@: flying
A: sickness immunity, fire resistance 2, cold vulnerability 1, float, innate
caster, HP casting, extra vitality 1
a: no special abilities


You were on level 1 of the Dungeon.
You visited 1 branch of the dungeon, and saw 1 of its levels.

You collected 21 gold pieces.

Inventory:

Hand Weapons
 a - a +0 falchion (weapon)
Missiles
 d - 3 boomerangs of dispersal (quivered)
 e - 3 boomerangs
Armour
 b - a +0 leather armour (worn)
Scrolls
 f - a scroll of enchant armour {unknown}
 g - a scroll of blinking
 h - a scroll of identify {unknown}
Potions
 c - a potion of mutation {unknown}


   Skills:
 - Level 2.0 Fighting
 - Level 1.7 Long Blades
 - Level 0.7 Throwing
 - Level 1.0 Armour
 - Level 2.1 Dodging
 * Level 3.0 Spellcasting


You couldn't memorise any spells.
You knew the following spells:

 Your Spells              Type           Power      Damage    Failure   Level
a - Blink                 Tloc           20%        N/A       13%         2
b - Lesser Beckoning      Tloc           10%        N/A       26%         3
c - Gell's Gravitas       Tloc           10%        N/A       26%         3
d - Teleport Other        Tloc           10%        N/A       26%         3
e - Manifold Assault      Tloc           10%        N/A       93%         5
Your spell library was empty.

Dungeon Overview and Level Annotations

Branches:
Dungeon (1/15)

Altars:


Innate Abilities, Weirdness & Mutations

You are immune to sickness and miasma.
You are immune to poison.
Your flesh is very heat resistant. (rF++)
You are vulnerable to cold. (rC-)
You float through the air rather than walking.
You learn spells naturally, not from books.
Your magical power is your life essence.
You have superior vitality. (+4 MHP)


Message History

A kobold comes into view. It is wielding a +0 short sword.
The kobold shouts!
Throw: 5 boomerangs (disperse)
Press: ? - help, Q - select action, (/) - cycle Shift-Dir - straight line, f - kobold
Aim: a kobold, wielding a +0 short sword and quivering stones (50% to hit)
You throw a boomerang of dispersal.
The boomerang of dispersal barely misses the kobold.
Throw: 4 boomerangs (disperse)
Press: ? - help, Q - select action, (/) - cycle Shift-Dir - straight line, f/p - kobold
Aim: a kobold, wielding a +0 short sword and quivering stones (50% to hit)
You throw a boomerang of dispersal.
The boomerang of dispersal hits the kobold.
The kobold blinks!
You kill the kobold!
A rat comes into view.
A hobgoblin comes into view.
The hobgoblin shouts!
A bat comes into view.
You hit the rat but do no damage. The rat misses you.
You hit the rat.
You kill the rat!
The hobgoblin closely misses you.
You closely miss the hobgoblin. The bat closely misses you.
The bat barely misses you. The hobgoblin barely misses you. The bat hits you.
You hit the hobgoblin.
The hobgoblin is severely wounded.
The bat hits you. The hobgoblin barely misses you.
The hobgoblin closely misses you. The bat closely misses you.
You barely miss the hobgoblin.
The hobgoblin is severely wounded.
The bat closely misses you. The hobgoblin barely misses you.
You closely miss the hobgoblin.
The hobgoblin is severely wounded.
The bat hits you. The hobgoblin barely misses you.
You hit the hobgoblin but do no damage.
The hobgoblin is severely wounded.
The bat closely misses you.
The hobgoblin hits you but does no damage.
You hit the hobgoblin.
You kill the hobgoblin!
The bat hits you but does no damage.
You barely miss the bat. The bat barely misses you.
You closely miss the bat. The bat hits you but does no damage.
The bat barely misses you.
You barely miss the bat. The bat barely misses you. x2
You closely miss the bat. The bat closely misses you.
You barely miss the bat. The bat barely misses you.
The bat hits you but does no damage.
You hit the bat.
You kill the bat!
You see here a hobgoblin corpse.
Found a stone staircase leading down.
You now have 21 gold pieces (gained 7).
There is a stone staircase leading down here.
A kobold comes into view. It is wielding a +0 whip.
The kobold shouts!
You hear a shout!
The kobold barely misses you.
You closely miss the kobold. The kobold hits you with a +0 whip.
You hit the kobold.
You kill the kobold!
Your Spellcasting skill increases to level 3!
Things that are here:
a +0 whip; a kobold corpse A kobold comes into view.
It is wielding a +0 dagger.
The kobold shouts!
The kobold throws a stone.
The stone closely misses you.
The kobold throws a stone.
The stone hits you.
The kobold throws a stone.
The stone closely misses you.
You completely miss the kobold. The kobold closely misses you.
You closely miss the kobold. The kobold barely misses you.
The kobold hits you with a +0 dagger.
You hit the kobold.
You kill the kobold!
Things that are here:
a +0 dagger; 4 stones; a kobold corpse
Found a book of the Senses.
You start resting.
HP restored.
Found a dagger.
You see here a +0 dagger.
A hobgoblin and a gnoll come into view.
Found 7 stones.
The hobgoblin shouts!
The gnoll shouts!
The gnoll moves out of view.
An endoplasm and a dart slug come into view.
Found 2 stones.
A dart slug comes into view.
You see here a +0 dagger.
You slash the hobgoblin!
You kill the hobgoblin!
The gnoll hits you with a +0 club.
You see here a hobgoblin corpse.
You hit the gnoll but do no damage. The gnoll hits you with a +0 club.
You barely miss the gnoll. The gnoll hits you with a +0 club.
You hit the gnoll.
The gnoll is moderately wounded.
The gnoll hits you with a +0 club!
* * * LOW HITPOINT WARNING * * *
The gnoll hits you with a +0 club.
You die...

#.# # #.#
##.####.#
........#####.J
.#.......(w....
.w..g..w#####..
...####w# . #g#
#@# #)# #.# #.#
### #.# ####.#
#.# #.#:.#
###### #.#
#....## .....#
#.# #.....#
.......
#.#######...##


You could see a gnoll and 2 dart slugs.

Vanquished Creatures
  A bat (D:1)
  2 goblins (D:1)
  3 hobgoblins (D:1)
  A quokka (D:1)
  5 kobolds (D:1)
  A rat (D:1)
13 creatures vanquished.

Notes
Turn   | Place    | Note
-------+----------+-------------------------------------------
     0 | D:1      | RascalDebosk the Djinni Warper began the quest for the Orb.
     0 | D:1      | RascalDebosk set off with the following spells memorised:
                  | Blink, Lesser Beckoning, Gell's Gravitas, Teleport Other,
                  | Manifold Assault.
     0 | D:1      | Reached XP level 1. HP: 18/18 MP: 0/0
    99 | D:1      | Reached XP level 2. HP: 10/23 MP: 0/0
   363 | D:1      | Reached skill level 3 in Spellcasting
   505 | D:1      | Slain by a gnoll

Illustrated notes

Levels and vault maps discovered:
D:1:      dpeg_arrival_water_fire, layout_loops_ring,
          hellmonk_ecumenical_altar_leap_of_faith, amethyst_killhole,
          minmay_tetromino_l4

Skill      XL: |  1  2 |
---------------+-------+-----
Spellcasting   | 3 |  3.0
Fighting       | |  2.0
Long Blades    | |  1.7
Throwing       | |  0.7
Armour         | |  1.0
Dodging        | |  2.1

Action                   || total
-------------------------++-------
Melee: Falchion          ||    38
Throw: Boomerang         ||     4
Armor: Leather armour    ||    11
Dodge: Dodged            ||    30
